AoeStats
← Miguel Angel

Nomad

510006056Analyzed
2v2 RM · 4d ago on Sep 29, 2026· 61m 43s· 4 players
Game mode
Random Map
Map size
176×176
Population
200
Speed
Normal
Resources
Standard
Victory
Conquest
Starting age
Dark Age
Ending age
Imperial Age
RankedLock teamsTeams togetherTeam positionsShared explorationLock speedFull tech treeHidden civsTurbo modeCheats
Victory
Defeat
🇩🇪 Danes · Germany
895
+14
🇵🇪 Saracens · Peru
878
+16
🇺🇸 Inca · United States
858
-15
🇺🇸 Khmer · United States
856
-15
Who Keef Rirrie?
3:29 Loom
18:34 Feudal Age
19:46 Champi Runner
20:41 Double-Bit Axe
20:39 Horse Collar
24:01 Castle Age
22:23 Forging
25:04 Medium Warships
24:58 Champi Warrior
26:13 Bow Saw
26:03 Fishing Lines
28:26 Gillnets
31:03 Heavy Plow
32:47 Squires
32:32 Arson
33:31 Scale Mail Armor
34:06 Iron Casting
35:33 Gold Mining
35:36 Stone Mining
36:16 Chain Mail Armor
55:36 Imperial Age
53:54 Gold Shaft Mining
56:16 Elite Champi Warrior
58:57 Plate Mail Armor
Who Keef Rirrie??
14:05 Feudal Age
12:21 Loom
17:07 Castle Age
18:22 Husbandry
18:36 Bloodlines
19:40 Wheelbarrow
19:40 Scale Barding Armor
19:46 Forging
19:33 Gold Mining
19:52 Double-Bit Axe
21:36 Bow Saw
22:59 Hand Cart
23:09 Hand Cart
25:13 Iron Casting
24:59 Chain Barding Armor
25:37 Fishing Lines
27:17 Gillnets
32:04 Medium Warships
32:31 Stone Mining
33:17 Gold Shaft Mining
32:39 Fletching
32:50 Padded Archer Armor
32:52 Scale Mail Armor
32:44 Town Watch
35:59 Ballistics
35:51 Masonry
35:37 Murder Holes
42:01 Imperial Age
39:38 Town Patrol
57:36 Horse Collar
60:45 Heavy Plow
TTVBrophetLIVE
15:14 Feudal Age
15:41 Fishing Lines
15:57 Double-Bit Axe
18:58 Fletching
21:19 Castle Age
23:43 Wheelbarrow
23:15 Bodkin Arrow
24:16 Gillnets
27:19 Hand Cart
29:13 Ballistics
33:29 Imperial Age
30:54 Loom
31:23 Forging
31:14 Scale Mail Armor
31:31 Careening
31:31 Clinker Construction
33:39 Elite Varangian Guard
35:00 Carvel Hull
34:57 Bow Saw
34:51 Horse Collar
35:45 Heavy Plow
35:57 Gold Mining
42:54 Iron Casting
42:35 Chain Mail Armor
42:20 Bracer
43:10 Arson
43:25 Squires
44:52 Elite Longship
50:45 Conscription
52:34 Stone Mining
53:44 Masonry
53:39 Siege Engineers
53:30 Murder Holes
53:25 Heated Shot
53:25 Guard Tower
53:21 Arrowslits
58:26 Chemistry
60:31 Blast Furnace
60:02 Plate Mail Armor
Miguel Angel
9:20 Loom
16:42 Feudal Age
20:42 Castle Age
19:29 Double-Bit Axe
19:30 Horse Collar
20:30 Forging
26:42 Bow Saw
30:22 Bloodlines
33:03 Iron Casting
32:43 Husbandry
35:11 Wheelbarrow
35:53 Scale Barding Armor
38:48 Imperial Age
38:38 Chain Barding Armor
38:27 Gold Mining
40:06 Conscription
41:21 Chemistry
41:19 Elite Mameluke
43:13 Blast Furnace
44:32 Plate Barding Armor
46:00 Fletching
47:39 Bodkin Arrow
49:22 Bracer
51:30 Murder Holes
58:20 Ballistics
Connection lost

Rejoining the realm…

Still unreachable

The connection could not be restored.

Session expired

The server has moved on; the page needs a fresh start.